|
||||||||||||||||||||||||||||||||||||||||||||||||||||||||||||||||||||||||||||||||||||||||||||
| ||||||||||||||||||||||||||||||||||||||||||||||||||||||||||||||||||||||||||||||||||||||||||||
Bottom of the 3rd over - 0 runs, 0 hits, 0 errors, 0 left on base; University of Southern California 1 - University of Oklahoma 2 |
TOP OF THE 4TH | |
---|---|
University of Southern California Trojans batting - Pitching for University of Oklahoma Sooners : RHP Billy Russell | |
Batting: RHB Jochen Schanz |
0-0: Ball 1-0: Called Strike 1-1: DOUBLE (Line Drive, 7LS, EV 105.6 MPH) |
Batting: RHB Jim Baltazar |
0-0: Foul Ball, location: 3FF 0-1: Foul Ball, location: 9LSF 0-2: Foul Ball, location: 2F 0-2: Ball 1-2: Strikes out swinging |
Batting: RHB Tri Kartini |
0-0: Called Strike 0-1: Ball Jochen Schanz steals 3rd base 1-1: Ball 2-1: Foul Ball, location: 2F 2-2: Ball 3-2: Strikes out swinging |
Batting: RHB Bobby Basoco |
0-0: Ball 1-0: Ground out 4-3 (Groundball, 4, EV 82.5 MPH) |
Top of the 4th over - 0 runs, 1 hit, 0 errors, 1 left on base; University of Southern California 1 - University of Oklahoma 2 |
BOTTOM OF THE 4TH | |
---|---|
University of Oklahoma Sooners batting - Pitching for University of Southern California Trojans : RHP Luis Cortez | |
Batting: RHB Suk Hahn |
0-0: Called Strike 0-1: Ball 1-1: Ball 2-1: Ball 3-1: Swinging Strike 3-2: Foul Ball, location: 9LMF 3-2: Base on Balls |
Batting: RHB Alex Perez |
0-0: Ball Suk Hahn is caught stealing 2nd base 2-4 1-0: Ball 2-0: Called Strike 2-1: Fly out, F7 (Flyball, 78S, EV 90.0 MPH) |
Batting: SHB Orlando Uribe |
0-0: Ball 1-0: Ball 2-0: Ball 3-0: Called Strike 3-1: Base on Balls |
Batting: RHB Sugiarto Kartosuwiryo | Pickoff Throw to First - Out! 1-3 |
Bottom of the 4th over - 0 runs, 0 hits, 0 errors, 0 left on base; University of Southern California 1 - University of Oklahoma 2 |
TOP OF THE 5TH | |
---|---|
University of Southern California Trojans batting - Pitching for University of Oklahoma Sooners : RHP Billy Russell | |
Batting: LHB Alonzo Catalan |
0-0: Ball 1-0: Ball 2-0: Called Strike 2-1: Swinging Strike 2-2: Strikes out swinging |
Batting: RHB Liangde Zhou |
0-0: Called Strike 0-1: Fly out, F8 (Line Drive, 8LD, EV 106.9 MPH) |
Batting: LHB Ryan Springer | 0-0: Ground out U3 (Groundball, 3S, EV 76.3 MPH) |
Top of the 5th over - 0 runs, 0 hits, 0 errors, 0 left on base; University of Southern California 1 - University of Oklahoma 2 |
BOTTOM OF THE 5TH | |
---|---|
University of Oklahoma Sooners batting - Pitching for University of Southern California Trojans : RHP Luis Cortez | |
Batting: RHB Sugiarto Kartosuwiryo |
0-0: Foul Ball, location: 9LSF 0-1: Ball 1-1: Swinging Strike 1-2: Strikes out swinging |
Batting: RHB Kjeld Leen |
0-0: Ball 1-0: Ball 2-0: Hit by Pitch |
Batting: RHB Sam Mason |
0-0: Called Strike 0-1: Called Strike Kjeld Leen steals 2nd base (no throw) 0-2: Ball 1-2: Ball 2-2: Foul Ball, location: 2F 2-2: Ball 3-2: Fly out, F8 (Flyball, 8LM, EV 93.1 MPH) |
Batting: RHB Ben Gappa |
0-0: Foul Ball, location: 25F 0-1: Foul Ball, location: 2RF 0-2: Foul Ball, location: 5F 0-2: Strikes out swinging |
Bottom of the 5th over - 0 runs, 0 hits, 0 errors, 1 left on base; University of Southern California 1 - University of Oklahoma 2 |
TOP OF THE 6TH | |
---|---|
University of Southern California Trojans batting - Pitching for University of Oklahoma Sooners : RHP Billy Russell | |
Pitching: RHP Andy Cane | |
Batting: LHB Justin Veirs |
0-0: Ball 1-0: Ball 2-0: SINGLE (Line Drive, 6D, EV 105.0 MPH) |
Pinch Hitting: LHB John Rumbolt | 0-0: Fly out, F8 (Line Drive, 8LM, EV 91.3 MPH) |
Batting: RHB Jochen Schanz |
0-0: Ball Justin Veirs is caught stealing 2nd base 2-4 1-0: Fly out, F7 (Flyball, 7LS, EV 92.5 MPH) |
Top of the 6th over - 0 runs, 1 hit, 0 errors, 0 left on base; University of Southern California 1 - University of Oklahoma 2 |
BOTTOM OF THE 6TH | |
---|---|
University of Oklahoma Sooners batting - Pitching for University of Southern California Trojans : RHP Luis Cortez | |
Now at 2B: John Sandberg | |
Batting: RHB Myles Sabine |
0-0: Ball 1-0: Called Strike 1-1: Ball 2-1: TRIPLE (Flyball, 78XD, EV 104.4 MPH) |
Batting: RHB Virgil Wenz |
0-0: Called Strike 0-1: Called Strike 0-2: Foul Ball, location: 9LSF 0-2: Ball 1-2: Ball 2-2: Fly out, F7 (Flyball, 7, EV 83.8 MPH) Runner from 3rd tags up, SCORES, throw by LF |
Batting: RHB Suk Hahn |
0-0: Swinging Strike 0-1: Foul Ball, location: 3SF 0-2: Foul Ball, location: 5F 0-2: Ball 1-2: Ball 2-2: SOLO HOME RUN (Flyball, 89XD, EV 109.4 MPH), Distance : 431 ft |
Batting: RHB Alex Perez |
0-0: Ball 1-0: Swinging Strike 1-1: Swinging Strike 1-2: Foul Ball, location: 5F 1-2: Ball 2-2: Ball 3-2: Base on Balls |
Pitching: RHP Tom Applebee | |
Batting: SHB Orlando Uribe |
0-0: Ball 1-0: Fly out, F7 (Line Drive, 7LS, EV 95.6 MPH) |
Batting: RHB Sugiarto Kartosuwiryo |
0-0: Ball 1-0: Swinging Strike 1-1: Ball 2-1: Ball 3-1: Swinging Strike 3-2: Ground out 4-3 (Groundball, 34S, EV 87.5 MPH) |
Bottom of the 6th over - 2 runs, 2 hits, 0 errors, 1 left on base; University of Southern California 1 - University of Oklahoma 4 |
TOP OF THE 7TH | |
---|---|
University of Southern California Trojans batting - Pitching for University of Oklahoma Sooners : RHP Andy Cane | |
Pinch Hitting: RHB Eric Baker |
0-0: Foul Ball, location: 7LDF 0-1: SINGLE (Flyball, 7S, EV 88.8 MPH) |
Batting: RHB Tri Kartini |
0-0: Called Strike 0-1: Ball 1-1: Ball 2-1: Foul Ball, location: 9LSF 2-2: Foul Ball, location: 3SF 2-2: Ball 3-2: Foul Ball, location: 2F 3-2: Strikes out swinging |
Batting: RHB Bobby Basoco |
0-0: Called Strike 0-1: Foul Ball, location: 3SF 0-2: Foul Ball, location: 7LSF 0-2: Ball 1-2: Reached on error, E4 (Groundball, 34, EV 98.8 MPH) Eric Baker to second |
Batting: LHB Alonzo Catalan |
0-0: Called Strike 0-1: Swinging Strike 0-2: Ball 1-2: Ball 2-2: Strikes out looking |
Batting: RHB Liangde Zhou |
0-0: Foul Ball, location: 2F 0-1: Swinging Strike 0-2: Foul Ball, location: 2F 0-2: Strikes out looking |
Top of the 7th over - 0 runs, 1 hit, 1 error, 2 left on base; University of Southern California 1 - University of Oklahoma 4 |
BOTTOM OF THE 7TH | |
---|---|
University of Oklahoma Sooners batting - Pitching for University of Southern California Trojans : RHP Tom Applebee | |
Pitching: RHP Danny Coronado | |
Now at 1B: Eric Baker | |
Batting: RHB Kjeld Leen |
0-0: Called Strike 0-1: Ball 1-1: Foul Ball, location: 9LSF 1-2: Ball 2-2: Strikes out swinging |
Batting: RHB Sam Mason |
0-0: Ball 1-0: Called Strike 1-1: Swinging Strike 1-2: Strikes out swinging |
Batting: RHB Ben Gappa |
0-0: Ball 1-0: Called Strike 1-1: Swinging Strike 1-2: Foul Ball, location: 2F 1-2: Ball 2-2: Foul Ball, location: 9LSF 2-2: Ball 3-2: Strikes out swinging |
Bottom of the 7th over - 0 runs, 0 hits, 0 errors, 0 left on base; University of Southern California 1 - University of Oklahoma 4 |
TOP OF THE 8TH | |
---|---|
University of Southern California Trojans batting - Pitching for University of Oklahoma Sooners : RHP Andy Cane | |
Pitching: LHP Bruce Chapman | |
Batting: LHB Ryan Springer |
0-0: Ball 1-0: Foul Ball, location: 7LMF 1-1: Ground out 4-3 (Groundball, 4, EV 85.6 MPH) |
Batting: LHB Justin Veirs | 0-0: Fly out, F8 (Line Drive, 8LD, EV 94.4 MPH) |
Pitching: RHP Chad Falgout | |
Batting: RHB John Sandberg |
0-0: Called Strike 0-1: Ground out 6-3 (Groundball, 6, EV 87.5 MPH) |
Top of the 8th over - 0 runs, 0 hits, 0 errors, 0 left on base; University of Southern California 1 - University of Oklahoma 4 |
BOTTOM OF THE 8TH | |
---|---|
University of Oklahoma Sooners batting - Pitching for University of Southern California Trojans : RHP Danny Coronado | |
Batting: RHB Myles Sabine |
0-0: Ball 1-0: Fly out, F9 (Line Drive, 9LS, EV 95.6 MPH) |
Batting: RHB Virgil Wenz |
0-0: Called Strike 0-1: Ball 1-1: Foul Ball, location: 5F 1-2: Ball 2-2: Ground out 6-3 (Groundball, 6, EV 84.4 MPH) |
Batting: RHB Suk Hahn | 0-0: Fly out, F9 (Flyball, 9, EV 86.9 MPH) |
Bottom of the 8th over - 0 runs, 0 hits, 0 errors, 0 left on base; University of Southern California 1 - University of Oklahoma 4 |
TOP OF THE 9TH | |
---|---|
University of Southern California Trojans batting - Pitching for University of Oklahoma Sooners : RHP Chad Falgout | |
Pitching: RHP Sam Herrick | |
Batting: RHB Jochen Schanz |
0-0: Ball 1-0: Foul Ball, location: 9LSF 1-1: Ball 2-1: Fly out, F9 (Flyball, 9, EV 83.1 MPH) |
Batting: RHB Eric Baker |
0-0: Ball 1-0: Foul Ball, location: 23F 1-1: Ball 2-1: SINGLE (Groundball, 4MD, EV 105.6 MPH) |
Batting: RHB Tri Kartini |
0-0: Ball 1-0: Called Strike 1-1: Ground out 5-3 (Groundball, 56S, EV 72.5 MPH) Eric Baker to second |
Batting: RHB Bobby Basoco |
0-0: Ball 1-0: Swinging Strike 1-1: Ball 2-1: Swinging Strike 2-2: Foul Ball, location: 2F 2-2: Foul Ball, location: 5DF 2-2: Ball 3-2: Foul Ball, location: 2F 3-2: Strikes out swinging |
Top of the 9th over - 0 runs, 1 hit, 0 errors, 1 left on base; University of Southern California 1 - University of Oklahoma 4 |
Sunday, July 16th , 2023 - OOTP Baseball 24.6 Build 69 |